 Dungeon Crawl Stone Soup version 0.29-a0-284-gf9362112df (webtiles) character file.

Game seed: 16446759178926253586

5450 yunder69 the Spear-Bearer (level 10, 0/121 HPs)
             Began as a Minotaur Berserker on Mar 30, 2022.
             Was a Priest of Trog.
             Succumbed to a killer bee's poison
             ... on level 9 of the Dungeon.
             The game lasted 00:29:30 (8344 turns).

yunder69 the Spear-Bearer (Minotaur Berserker)      Turns: 8344, Time: 00:29:30

Health: 0/121      AC: 11    Str: 34    XL:     10   Next: 41%
Magic:  9/9        EV: 12    Int:  6    God:    Trog [***...]
Gold:   392        SH:  0    Dex: 16    Spells: 9/9 levels left

rFire   + . .      SeeInvis .   H - +7 halberd
rCold   x . .      Faith    .   (shield currently unavailable)
rNeg    . . .      Spirit   .   a - +3 leather armour of Vefyxyed {rElec rF+ rC- Str+10}
rPois   .          Reflect  .   (helmet restricted)
rElec   +          Harm     .   g - scarf {shadows}
rCorr   .          Rampage  .   z - +0 pair of gloves
Will    ++...                   (no boots)
Stlth   ..........              (no amulet)
HPRegen 1.30/turn               y - +6 ring of dexterity
MPRegen 0.11/turn               k - +4 ring of protection

@: berserking, lethally poisoned (0 -> -8), strong-willed, regenerating, very
quick
A: horns 2, retaliatory headbutt
a: Renounce Religion, Berserk, Trog's Hand


You were on level 9 of the Dungeon.
You worshipped Trog.
Trog was most pleased with you.
You visited 1 branch of the dungeon, and saw 9 of its levels.

You collected 434 gold pieces.
You spent 42 gold pieces at shops.

Inventory:

Hand Weapons
 n - a +4 quarterstaff of chaos
 H - a +7 halberd (weapon)
 I - a +0 glaive of draining
Missiles
 r - 15 poisoned darts (quivered)
 v - 3 atropa-tipped darts
 F - a curare-tipped dart
 G - a throwing net
 K - 3 boomerangs
Armour
 a - the +3 leather armour of Vefyxyed (worn) {rElec rF+ rC- Str+10}
   (You found it on level 5 of the Dungeon)

   Str:       It affects your strength (+10).
   rF:        It protects you from fire.
   rC:        It makes you vulnerable to cold.
   rElec:     It insulates you from electricity.
 d - +0 steam dragon scales
 g - a scarf of shadows (worn)
 l - a +0 plate armour
 z - a +0 pair of gloves (worn)
Jewellery
 c - a ring of ice
 i - a ring of protection from fire
 k - a +4 ring of protection (right hand)
 o - a ring of fire
 w - the ring "Sudeon" {Fire *Corrode Fly rPois rN+}
   (You found it on level 3 of the Dungeon)

   [ring of fire]

   It enhances your fire magic.
   rF:        It protects you from fire.
   rC:        It makes you vulnerable to cold.
   rPois:     It protects you from poison.
   rN:        It protects you from negative energy.
   Fly:       It grants you flight.
   *Corrode:  It may corrode you when you take damage.
 y - a +6 ring of dexterity (left hand)
Scrolls
 e - 4 scrolls of enchant armour {unknown}
 f - a scroll of holy word {unknown}
 j - 2 scrolls of amnesia {unknown}
 q - a scroll of fog {unknown}
 s - 2 scrolls of fear {unknown}
 t - 4 scrolls of teleportation {unknown}
 x - 2 scrolls of summoning {unknown}
 B - 4 scrolls of noise {unknown}
 C - 2 scrolls of identify
 D - 3 scrolls of immolation {unknown}
 L - a scroll of vulnerability {unknown}
Potions
 b - 3 potions of heal wounds
 h - 5 potions of curing
 m - 2 potions of flight
 p - 3 potions of berserk rage
 u - 3 potions of might
 A - a potion of cancellation
 E - a potion of lignification
 J - a potion of ambrosia
 M - a potion of attraction {unknown}


   Skills:
 * Level 5.0 Fighting
 - Level 12.9(15.2) Axes
 + Level 13.1(15.2) Polearms
 - Level 2.5 Armour
 - Level 2.3 Dodging


You had 9 spell levels left.
You didn't know any spells.
Your spell library was empty.

Dungeon Overview and Level Annotations

Branches:
Dungeon (9/15)             Temple (0/1) D:7
   Lair: D:8-11         Orc: D:9-12

Altars:
Ashenzari
Cheibriados
Dithmenos
Elyvilon
Fedhas
Kikubaaqudgha
Nemelex Xobeh
Qazlal
Wu Jian
Yredelemnul
Zin
The Shining One

Shops:
D:1 *   D:5 :   D:6 !


Innate Abilities, Weirdness & Mutations

You have a pair of horns on your head.
You reflexively headbutt those who attack you in melee.


Message History

You kill the killer bee!
Trog accepts your kill.
You feel very sick. The killer bee barely misses you.
The killer bee stings you.
* * * LOW HITPOINT WARNING * * *
The killer bee closely misses you. The killer bee stings you.
* * * LOW HITPOINT WARNING * * *
Your skin crawls.
You feel strong-willed.
You feel very sick. The killer bee stings you.
* * * LOW HITPOINT WARNING * * *
The killer bee stings you.
* * * LOW HITPOINT WARNING * * *
You are more poisoned.
The killer bee poisons you! The killer bee barely misses you.
The killer bee stings you!
* * * LOW HITPOINT WARNING * * *
You are more poisoned.
The killer bee poisons you!
A red film seems to cover your vision as you go berserk!
You feel yourself moving faster!
You feel mighty!
* * * LOW HITPOINT WARNING * * *
You feel very sick. The killer bee completely misses you.
You furiously retaliate!
You headbutt the killer bee!
The killer bee stings you but does no damage.
The killer bee closely misses you. The killer bee misses you.
You slice the killer bee!!
You kill the killer bee!
Trog accepts your kill.
* * * LOW HITPOINT WARNING * * *
You feel very sick. The killer bee stings you!
* * * LOW HITPOINT WARNING * * *
Your Fighting skill increases to level 5!
You are too berserk!
You miss the killer bee. Your headbutt misses the killer bee.
The killer bee is heavily wounded.
You die...

......'...##
......#...#. #.
##+####...#. #.
#.........#. #.
#.........#. #####.
#.........#. ......
#.........'.
.....†##############+#.
.....†@................
.....y.................
....##...............##
...<...........##....##
...............##....##
.....................##
.......................
#######################


You could see a killer bee.

Vanquished Creatures
  Pikel (D:7)
  Joseph (D:7)
  Maggie (D:7)
  A wraith (D:9)
  8 yaks
  2 steam dragons
  3 water moccasins
  An ice beast (D:6)
  An orc warrior (D:9)
  3 ogres
  A centaur (D:8)
  2 phantoms
  A kobold brigand (D:8)
  A gnoll sergeant (D:7)
  A bullfrog (D:6)
  3 necrophages
  3 scorpions
  4 wights (D:6)
  7 killer bees
  2 howler monkeys
  A jelly (D:1)
  Crazy Yiuf (D:7)
  5 orc priests
  3 hounds
  A gnoll shaman (D:9)
  4 iguanas
  2 orc wizards (D:9)
  5 gnolls (D:9)
  11 adders
  A shadow imp (D:5)
  2 white imps
  2 ufetubi
  5 worms
  A dart slug (D:4)
  20 orcs
  12 endoplasms
  5 giant cockroaches (D:1)
  5 goblins
  2 hobgoblins
  10 jackals
  8 kobolds
  3 quokkas
  14 ball pythons
  8 bats
  2 frilled lizards
  22 rats
202 creatures vanquished.

Vanquished Creatures (others)
  A giant cockroach (D:4)
  7 plants (D:3)
8 creatures vanquished.

Grand Total: 210 creatures vanquished

Notes
Turn   | Place    | Note
-------+----------+-------------------------------------------
     0 | D:1      | yunder69 the Minotaur Berserker began the quest for the
                  | Orb.
     0 | D:1      | Reached XP level 1. HP: 19/19 MP: 0/0
     1 | D:1      | Found a runed translucent door.
     7 | D:1      | Noticed a jelly
    26 | D:1      | Reached XP level 2. HP: 27/27 MP: 1/1
    29 | D:1      | Reached skill level 5 in Axes
    29 | D:1      | Reached XP level 3. HP: 20/33 MP: 2/2
   985 | D:1      | Found a faded altar of an unknown god.
  1057 | D:1      | Reached ** piety under Trog
  1066 | D:1      | Found Kalurol's General Store.
  1103 | D:1      | Bought a potion of curing for 42 gold pieces
  1113 | D:1      | Reached XP level 4. HP: 39/40 MP: 3/3
  2140 | D:2      | You fall into a shaft and drop 1 floor!
  2148 | D:3      | Reached XP level 5. HP: 46/46 MP: 4/4
  2205 | D:3      | Found a snail-covered altar of Cheibriados.
  2295 | D:3      | Found a white marble altar of Elyvilon.
  2467 | D:3      | Identified the ring "Sudeon" {Fire *Corrode Fly rPois rN+}
  2545 | D:3      | Reached *** piety under Trog
  2639 | D:3      | Found a broken altar of Ashenzari.
  2827 | D:4      | Reached XP level 6. HP: 49/52 MP: 5/5
  2953 | D:4      | Found a shadowy altar of Dithmenos.
  3314 | D:4      | Found a basalt altar of Yredelemnul.
  3316 | D:4      | Noticed a profane servitor
  3326 | D:4      | Found a glowing golden altar of the Shining One.
  3328 | D:4      | Noticed an angel
  3571 | D:5      | Entered Level 5 of the Dungeon
  3607 | D:5      | Found Ylat Lyi's Book Shoppe.
  3652 | D:5      | Reached XP level 7. HP: 10/58 MP: 6/6
  4033 | D:5      | Identified the +3 leather armour of Vefyxyed {rElec rF+ rC-
                  | Str+10}
  4112 | D:5      | Reached skill level 10 in Axes
  4910 | D:6      | Reached XP level 8. HP: 63/66 MP: 7/7
  5167 | D:6      | Found a stormy altar of Qazlal.
  5202 | D:6      | Found Fashewus's Distillery.
  5281 | D:6      | Reached **** piety under Trog
  5598 | D:7      | Reached skill level 2 in Polearms
  5651 | D:7      | Found a staircase to the Ecumenical Temple.
  5655 | D:7      | Reached skill level 3 in Polearms
  5682 | D:7      | Noticed Maggie
  5704 | D:7      | Killed Maggie
  5705 | D:7      | Reached skill level 5 in Polearms
  5731 | D:7      | Noticed Joseph
  5746 | D:7      | Killed Joseph
  5747 | D:7      | Reached skill level 6 in Polearms
  5747 | D:7      | Reached XP level 9. HP: 22/71 MP: 8/8
  6207 | D:7      | Found a runed translucent door.
  6208 | D:7      | Noticed Crazy Yiuf
  6244 | D:7      | Reached skill level 7 in Polearms
  6301 | D:7      | Noticed Pikel
  6306 | D:7      | Killed Pikel
  6307 | D:7      | Reached skill level 8 in Polearms
  6383 | D:7      | Found a sparkling altar of Nemelex Xobeh.
  6388 | D:7      | Reached skill level 9 in Polearms
  6706 | D:7      | Reached skill level 10 in Polearms
  7056 | D:7      | Killed Crazy Yiuf
  7270 | D:8      | Reached skill level 11 in Polearms
  7282 | D:8      | Reached XP level 10. HP: 78/78 MP: 9/9
  7297 | D:8      | Found a blossoming altar of Fedhas.
  7762 | D:8      | Found an ancient bone altar of Kikubaaqudgha.
  7767 | D:8      | Found a faded altar of an unknown god.
  7770 | D:8      | Found a faded altar of an unknown god.
  7771 | D:8      | Found a glowing silver altar of Zin.
  7774 | D:8      | Found an ornate altar of the Wu Jian Council.
  7934 | D:9      | Reached skill level 12 in Polearms
  8230 | D:9      | Reached skill level 13 in Polearms
  8343 | D:9      | HP: 1/120 [killer bee (7)]
  8344 | D:9      | Reached skill level 5 in Fighting
  8344 | D:9      | Succumbed to a killer bee's poison

Illustrated notes

Levels and vault maps discovered:
D:1:      dpeg_arrival_caged_fury, layout_loops_corners,
          chequers_ecumenical_altar_twisty, serial_shops,
          nicolae_shop_hallway_plus, serial_bayou_pond_c, minmay_misc_feat_roman
D:2:      layout_rooms, hex_medium, minmay_pentomino_r2
D:3:      layout_rooms, mainiacjoe_overflow_paths,
          lemuel_coloured_pillars_altar, elyvilon_altar_5,
          serial_bayou_lagoon_a, minmay_rat_hole
D:4:      layout_basic, grunt_temple_overflow_holy_war, grunt_dithmenos_smoke
D:5:      layout_gridville, vehumet_statue, serial_shops,
          nicolae_shop_statue_plus, grunt_ministairs_12,
          kennysheep_generic_room_15
D:6:      layout_basic, nicolae_qazlal_general_emergency, grunt_ministairs_1,
          minmay_shop_grid_forest
D:7:      wander_river, layout_basic, nemelex_dance_club_becter,
          minmay_temple_entry_proselytizer, serial_glass, glass_columns_b,
          glass_columns_c, minmay_strange_pillars, feat_on_display,
          solitary_fountain, grunt_tough_drop, uniq_joseph, uniq_pikel,
          uniq_crazy_yiuf_cottage, uniq_maggie
D:8:      layout_loops_ring, chequers_temple_overflow_minitemple,
          mainiacjoe_overflow_boulevard, enter_bailey_7
D:9:      cheibrodos_two_vegetables, layout_stronghold

Skill      XL: |  1  2  3  4  5  6  7  8  9 10 |
---------------+-------------------------------+-----
Axes           | 4 5 6 8 9 11 12 | 12.9
Polearms       | 6 11 13 | 13.1
Fighting       | 5 |  5.0
Armour         | |  2.5
Dodging        | |  2.3

Action                   |  1- 3 |  4- 6 |  7- 9 | 10-12 || total
-------------------------+-------+-------+-------+-------++-------
Melee: Hand axe          |    53 |   190 |       |       ||   243
       Headbutt          |     8 |    30 |    26 |     8 ||    72
       Punch             |       |     1 |       |       ||     1
       War axe           |       |       |    59 |       ||    59
       Halberd           |       |       |    64 |    76 ||   140
Invok: Berserk           |     1 |     1 |     5 |     5 ||    12
       Trog's Hand       |       |     2 |     6 |     5 ||    13
  Use: Scroll            |       |       |     7 |       ||     7
 Stab: Sleeping          |       |       |     2 |       ||     2
Armor: Animal skin       |     3 |       |       |       ||     3
       Leather armour    |    13 |     3 |    39 |    42 ||    97
       Plate armour      |       |   119 |       |       ||   119
Dodge: Dodged            |    47 |    57 |    70 |    54 ||   228

Table legend: (Time is in decaauts)
 A = Elapsed time spent in this place.
 B = Non-inter-level travel time spent in this place.
 C = Inter-level travel time spent in this place.
 D = Time resting spent in this place.
 E = Time spent auto-exploring this place.
 F = Levels seen in this place.
 G = Mean time per level.
                   A        B        C        D        E       F      G
               +--------+--------+--------+--------+--------+-----+--------+
         Total |   8441 |   8046 |    395 |   1596 |   3685 |   9 |  937.9 |
       Dungeon |   8441 |   8046 |    395 |   1596 |   3685 |   9 |  937.9 |
               +--------+--------+--------+--------+--------+-----+--------+

Top non-repeatable levels by time:
     D:7: 1570 daAuts
     D:1: 1515 daAuts
     D:5: 1334 daAuts
     D:8: 803 daAuts
     D:4: 764 daAuts
     D:3: 675 daAuts
     D:6: 660 daAuts
     D:2: 637 daAuts
     D:9: 480 daAuts
